 Dungeon Crawl Stone Soup version 0.14.1-1-g650416f (webtiles) character file.

4145 Heema the Basher (level 9, -3/85 HPs)
             Began as a Minotaur Berserker on May 12, 2014.
             Was a High Priest of Trog.
             Killed from afar by Harold (14 damage)
             ... with a bolt of fire
             ... on Level 10 of the Dungeon.
             The game lasted 00:36:41 (8284 turns).

Heema the Basher (Minotaur Berserker)               Turns: 8284, Time: 00:36:41

HP  -3/85        AC 16     Str 23      XL: 9   Next: 85%
MP   4/4         EV  6     Int  4      God: Trog [*****.]
Gold 545         SH  0     Dex 12      Spells:  0 memorised,  8 levels left

rFire  . . .     SeeInvis .     N - +2,+1 eveningstar (drain)
rCold  . . .     Clarity  .     H - +0 plate armour
rNeg   . . .     Conserve .     (no shield)
rPois  .         rCorr    .     (helmet restricted)
rElec  .         rRot     .     w - +0 cloak
SustAb . .       Spirit   .     E - +0 pair of gloves
rMut   .         Warding  .     W - +0 pair of boots
Saprov . . .     Stasis   .     (no amulet)
MR     .....                    (no ring)
                                (no ring)

@: not resistant to hostile enchantments, extremely unstealthy
A: retaliatory headbutt, horns 2
a: Burn Spellbooks, Berserk, Trog's Hand, Brothers in Arms, Renounce Religion


You were on level 10 of the Dungeon.
You worshipped Trog.
Trog was extremely pleased with you.
You were not hungry.

You visited 1 branch of the dungeon, and saw 10 of its levels.
You also visited: Ossuary.

You collected 545 gold pieces.

Inventory:

Hand weapons
 u - a +0,+0 dire flail
 N - a +2,+1 eveningstar of draining (weapon)
Armour
 w - a +0 cloak (worn)
 E - a +0 pair of gloves (worn)
 H - a +0 plate armour (worn)
 W - a +0 pair of boots (worn)
Magical devices
 f - a wand of fireball (4) {unknown}
 x - a wand of disintegration (12)
 F - a wand of slowing (10)
 O - a wand of polymorph (10)
 V - a wand of fire (7) {unknown}
Comestibles
 d - 3 bread rations
 l - 3 meat rations
 t - a choko
 S - a pear
 U - a banana
Scrolls
 g - a scroll of remove curse
 q - 3 scrolls of magic mapping
 v - 6 scrolls of teleportation
 y - 2 scrolls of identify
 z - 2 scrolls of fear
 G - a scroll of blinking {unknown}
 K - a scroll of enchant armour {unknown}
 L - a scroll of immolation {unknown}
 M - a scroll of noise {unknown}
 Q - a scroll of silence {unknown}
 R - a scroll of enchant weapon III {unknown}
Jewellery
 r - a cursed ring of regeneration
 s - a +4 ring of protection {unknown}
Potions
 a - a potion of mutation {unknown}
 b - 3 potions of paralysis {unknown}
 c - 8 potions of curing
 e - 4 potions of restore abilities {unknown}
 h - a potion of haste {unknown}
 i - 3 potions of brilliance
 j - 3 potions of might {unknown}
 k - a potion of flight {unknown}
 m - 4 potions of agility {unknown}
 n - a potion of berserk rage {unknown}
 p - a potion of beneficial mutation {unknown}
 A - 2 potions of lignification {unknown}
 B - a potion of confusion {unknown}
 D - 5 potions of heal wounds {unknown}
 I - a potion of resistance {unknown}
 J - a potion of magic {unknown}
 P - 3 potions of poison {unknown}


   Skills:
 - Level 10.2 Fighting
 + Level 12.9 Maces & Flails
 + Level 5.9 Armour
 - Level 2.1 Dodging


You had 8 spell levels left.
You didn't know any spells.

Dungeon Overview and Level Annotations

Branches:
Dungeon (10/15)            Temple (0/1) D:5             Orc (0/4) D:9
   Lair: D:8-11

Altars:
Ashenzari
Cheibriados
Elyvilon
Kikubaaqudgha
Nemelex Xobeh
Okawaru
Trog
Vehumet
Yredelemnul
Zin
The Shining One

Shops:
D:7 =

Annotations:
D:10 Harold


Innate Abilities, Weirdness & Mutations

You reflexively headbutt those who attack you in melee.
You have a pair of horns on your head.


Message History

Harold casts a spell at you. The bolt of fire hits you!
One of your 3 scrolls of fear catches fire!
* * * LOW HITPOINT WARNING * * *
Harold zaps a wand.
The magic dart hits you!
* * * LOW HITPOINT WARNING * * *
As you read the scroll of fog, it crumbles to dust.
The scroll dissolves into smoke.
Harold casts a spell at you. The bolt of fire hits you!
Your scroll of enchant weapon II catches fire!
* * * LOW HITPOINT WARNING * * *
There is an open door here.
You see here 20 arrows of flame.
You see here a buckler.
There is an open door here.
Harold casts a spell at you. The bolt of fire hits you!
One of your 4 scrolls of magic mapping catches fire!
You die...

#.###.###.###.#.......
#.....@...# #.#.......
#####.###.....+..!....
#.# #####.#.......
###'##### #.# ......
#.......# #.# +##..
#.......+ ... #..
#.......# . .
#..@....# #.......#
#.......# #.......#
#.......# #########


You could see Harold.

Vanquished Creatures
  A hill giant (D:9)
  2 sky beasts (D:7)
  An orc warrior (D:6)
  2 ice beasts
  2 phantoms
  3 ogres
  4 giant goldfish
  A giant frog (D:8)
  4 scorpions
  A hippogriff skeleton (D:7)
  A quasit (D:8)
  8 wights (D:9)
  2 crimson imps
  A giant frog skeleton (D:4)
  6 orc wizards
  Crazy Yiuf (D:3)
  5 orc priests
  A gnoll shaman (D:7)
  4 hounds
  A jelly (D:9)
  A basilisk skeleton (D:8)
  4 worker ants
  3 ogre zombies
  Ijyb (D:3)
  A goliath beetle (D:8)
  A big kobold skeleton (D:7)
  An ogre skeleton (D:4)
  Terence (D:3)
  A hound skeleton (D:9)
  10 mummies (Ossuary)
  5 gnolls (D:7)
  8 adders
  An inept feature mimic (D:6)
  A shadow imp (D:5)
  3 iguanas (D:8)
  A giant mite (D:6)
  3 worms
  An orc skeleton (D:8)
  4 giant eyeballs
  3 giant geckos
  2 oozes
  21 orcs
  4 giant cockroaches
  A gnoll zombie (Ossuary)
  9 hobgoblins
  10 jackals
  14 kobolds
  3 quokkas
  13 bats
  A giant cockroach zombie (D:5)
  A giant newt (D:5)
  A giant spore (D:6)
  10 goblins
  A goblin zombie (D:5)
  3 hobgoblin zombies (Ossuary)
  2 kobold zombies (Ossuary)
  2 orc zombies (Ossuary)
  16 rats
  A ballistomycete (D:6)
  A butterfly (D:5)
221 creatures vanquished.

Vanquished Creatures (collateral kills)
  A gnoll sergeant (D:8)
  4 gnolls (D:8)
5 creatures vanquished.

Grand Total: 226 creatures vanquished

Notes
Turn   | Place    | Note
--------------------------------------------------------------
     0 | D:1      | Heema, the Minotaur Berserker, began the quest for the Orb.
     0 | D:1      | Reached XP level 1. HP: 19/19 MP: 1/1
    28 | D:1      | Reached skill level 4 in Maces & Flails
   260 | D:1      | Reached XP level 2. HP: 26/26 MP: 1/1
   632 | D:1      | Acquired Trog's second power
  1132 | D:2      | Reached skill level 5 in Maces & Flails
  1132 | D:2      | Reached XP level 3. HP: 26/31 MP: 2/2
  1421 | D:2      | Found a sparkling altar of Nemelex Xobeh.
  1649 | D:2      | Found a radiant altar of Vehumet.
  1649 | D:2      | Found an iron altar of Okawaru.
  1650 | D:2      | Found a snail-covered altar of Cheibriados.
  1862 | D:3      | Reached XP level 4. HP: 36/39 MP: 2/2
  1900 | D:3      | Noticed Ijyb
  1910 | D:3      | Killed Ijyb
  1910 | D:3      | Reached skill level 6 in Maces & Flails
  2042 | D:3      | Noticed Crazy Yiuf
  2048 | D:3      | Killed Crazy Yiuf
  2166 | D:3      | Noticed Terence
  2181 | D:3      | Killed Terence
  2264 | D:3      | Reached XP level 5. HP: 45/45 MP: 2/2
  2473 | D:3      | Reached skill level 7 in Maces & Flails
  2982 | D:4      | Noticed a phantom
  2996 | D:4      | Killed a phantom
  2996 | D:4      | Reached skill level 8 in Maces & Flails
  2996 | D:4      | Reached XP level 6. HP: 51/51 MP: 3/3
  3143 | D:4      | Paralysed by a giant eyeball for 3 turns
  3267 | D:4      | Found a sparkling altar of Nemelex Xobeh.
  3519 | D:4      | Reached skill level 9 in Maces & Flails
  3806 | D:5      | Entered Level 5 of the Dungeon
  3819 | D:5      | Found a shattered altar of Ashenzari.
  3873 | D:5      | Reached XP level 7. HP: 36/57 MP: 3/3
  4103 | D:5      | Reached skill level 10 in Maces & Flails
  4231 | D:5      | Found a staircase to the Ecumenical Temple.
  4244 | D:5      | Found a glowing golden altar of the Shining One.
  4263 | D:5      | Found a glowing silver altar of Zin.
  4264 | D:5      | Found a white marble altar of Elyvilon.
  4367 | D:5      | Reached skill level 5 in Fighting
  4609 | D:5      | Acquired Trog's third power
  4878 | D:6      | Reached XP level 8. HP: 54/73 MP: 3/3
  5547 | D:7      | Reached skill level 11 in Maces & Flails
  5921 | D:7      | Paralysed by a giant eyeball for 2 turns
  6087 | D:7      | Found a sand-covered staircase.
  6103 | Ossuary  | Entered an ossuary
  6415 | D:7      | Found Phyituk's Jewellery Boutique.
  6493 | D:7      | Paralysed by a giant eyeball for 3 turns
  6643 | D:8      | Reached XP level 9. HP: 73/84 MP: 4/4
  6813 | D:8      | Received a gift from Trog
  6837 | D:8      | Found a basalt altar of Yredelemnul.
  6845 | D:8      | Found a bloodstained altar of Trog.
  6850 | D:8      | Found an ancient bone altar of Kikubaaqudgha.
  7022 | D:8      | Reached skill level 10 in Fighting
  7037 | D:8      | Reached skill level 12 in Maces & Flails
  7229 | D:8      | Got a heavily runed cloak
  7235 | D:8      | Identified the cursed -3 cloak of the Mackerel {rC+ Stlth--} (You found it on level 8 of the Dungeon)
  7368 | D:9      | Noticed a hill giant
  7374 | D:9      | Killed a hill giant
  7679 | D:9      | Found a staircase to the Orcish Mines.
  7710 | D:9      | Reached skill level 5 in Armour
  8193 | D:10     | Entered Level 10 of the Dungeon
  8238 | D:10     | Noticed Harold
  8245 | D:10     | HP: 2/85 [Harold/bolt of fire (18)]
  8284 | D:10     | Killed from afar by Harold

Action                   |  1- 3 |  4- 6 |  7- 9 || total
-------------------------+-------+-------+-------++-------
Melee: Mace              |    86 |   143 |       ||   229
       Dire flail        |       |       |   235 ||   235
       Eveningstar       |       |       |   128 ||   128
Invok: Berserk           |       |     4 |     2 ||     6
       Burn Spellbooks   |       |       |     2 ||     2
       Brothers in Arms  |       |       |     1 ||     1
  Use: Scroll            |       |     2 |    12 ||    14
